 Dungeon Crawl Stone Soup version 0.32-a0-814-g0968bab981 (webtiles) character file.

Game seed: 8687174596716768540

2349 Nvm9 the Trooper (level 9, -9/71 HPs)
             Began as a Demonspawn Fighter on Mar 22, 2024.
             Mangled by a troll (10 damage)
             ... on level 7 of the Dungeon.
             The game lasted 00:12:19 (6606 turns).

Nvm9 the Trooper (Demonspawn Fighter)               Turns: 6606, Time: 00:12:20

Health: -9/71      AC: 24    Str: 20    XL:     9   Next: 20%
Magic:  9/9        EV: 10    Int: 10    God:
Gold:   176        SH:  5    Dex: 12    Spells: 8/8 levels left

rFire   . . .        a - +2 war axe (protect)
rCold   + . .        c - +0 buckler
rNeg    . . .        D - +0 plate armour
rPois   .            e - +1 helmet
rElec   .            E - +0 cloak
rCorr   .            q - +0 pair of gloves
SInv    .            (no boots)
Will    .....        (no amulet) Stlth
                     w - ring of protection from cold
HPRegen 0.31/turn    (no ring)
MPRegen 0.11/turn

%: no passive effects
@: mighty, agile, under a protective aura, wreathed by umbra
A: powered by pain 2, demonic touch 2, foul shadow 1, mutation resistance 1,
subdued magic 1
a: no special abilities


You were on level 7 of the Dungeon.
You visited 2 branches of the dungeon, and saw 8 of its levels.

You collected 309 gold pieces.
You spent 133 gold pieces at shops.

Inventory:

Hand Weapons
 a - a +2 war axe of protection (weapon)
 f - a +0 short sword of flaming
 l - a +0 dagger of venom
 o - a +0 war axe
Missiles
 p - a curare-tipped dart (quivered)
 z - a throwing net
 G - 7 poisoned darts
Armour
 b - a +0 scale mail
 c - a +0 buckler (worn)
 e - a +1 helmet (worn)
 h - a +0 chain mail
 j - a +0 helmet
 m - a +0 pair of gloves
 n - a +0 cloak
 q - a +0 pair of gloves (worn)
 D - a +0 plate armour (worn)
 E - a +0 cloak (worn)
Jewellery
 r - a ring of wizardry
 w - a ring of protection from cold (left hand)
Talismans
 A - a beast talisman
Wands
 u - a wand of flame (44)
 v - a wand of mindburst (13)
 C - a wand of polymorph (9)
Scrolls
 i - 7 scrolls of identify
 k - 4 scrolls of revelation
 s - a scroll of noise {unknown}
 x - a scroll of immolation
 y - a scroll of silence {unknown}
 B - 2 scrolls of poison
Potions
 d - a potion of might
 g - 2 potions of attraction
 t - 2 potions of mutation
 F - a potion of cancellation {unknown}


   Skills:
 * Level 6.9 Fighting
 * Level 5.8 Axes
 * Level 6.3 Armour
 * Level 6.2 Shields


You had 8 spell levels left.
You didn't know any spells.
Your spell library contained the following spells:

 Spells                   Type           Power      Damage    Failure   Level
 Call Imp                 Summ           0%         N/A       100%        2
 Cigotuvi's Dreadful Rot  Necr/Alch/Air  0%         N/A       100%        2
 Ensorcelled Hibernation  Hex/Ice        0%         N/A       100%        2
 Passwall                 Erth           0%         N/A       100%        3
 Swiftness                Air            0%         N/A       100%        3
 Ignite Poison            Fire/Alch      0%         N/A       100%        4
 Sticky Flame             Fire/Alch      0%         2d4       100%        4
 Plasma Beam              Fire/Air       0%         2x1d10    100%        6
 Monstrous Menagerie      Summ           0%         N/A       100%        7
 Ignition                 Fire           0%         3d3       100%        8


Dungeon Overview and Level Annotations

Branches:
Dungeon (7/15)             Temple (1/1) D:5

Altars:
Ashenzari
Dithmenos
Fedhas
Gozag
Kikubaaqudgha
Makhleb
Nemelex Xobeh
Okawaru
Qazlal
Ru
Trog
Uskayaw
Vehumet
Wu Jian

Shops:
D:3 ?   D:5 !*:*


Innate Abilities, Weirdness & Mutations

You sometimes gain power by taking damage.
Your touch may inflict irresistible damage on your foes.
You are faintly shadowed, very rarely releasing foul flame when damaged in melee.
You are somewhat resistant to further mutation.
Your spells are a little easier to cast, but a little less powerful.


Message History

You barely miss the manticore.
The manticore is severely wounded.
You block the manticore's attack. x2
The manticore claws you but does no damage.
The manticore bites you but does no damage.
The manticore claws you but does no damage. x2
You slice the manticore!!
You kill the manticore!
You start resting.
A troll comes into view.
You closely miss the troll.
The troll shouts!
You hear a shout!
You hear a bellow!
The troll bites you but does no damage. The troll claws you but does no damage.
The troll completely misses you.
You barely miss the troll. You block the troll's attack. The troll claws you.
The troll closely misses you. The troll bites you.
* * * LOW HITPOINT WARNING * * *
The troll claws you!
* * * LOW HITPOINT WARNING * * *
You block the troll's attack.
You slice the troll!!
Your weapon exudes an aura of protection.
The troll is heavily wounded.
You block the troll's attack.
The troll claws you but does no damage. x2
You slash the troll!
The troll is severely wounded.
The troll bites you but does no damage. You block the troll's attack.
The troll closely misses you.
You closely miss the troll.
The troll is severely wounded.
The troll bites you but does no damage.
The troll claws you but does no damage. x2
You slash the troll!
The troll is almost dead.
The troll bites you!
* * * LOW HITPOINT WARNING * * *
You focus on the pain.
You feel agile all of a sudden. The troll claws you but does no damage.
The troll barely misses you. You block the troll's attack. The troll claws you!
You die...

.##......#.# ##.........
..#<....###.## #..........
..#.....##.#.## ##..........
..#....##.#.#.## ## #.....#.####
#.###..#.#.#.#.# H.##.#...#.# #
#.###.###.#.#.## .##..#...# #
..##..##.#.#.#.## .##..#...#.
####.##.#.#.#.#.##.#.........####
####.#'#########@#'#.###.........
#....#.##.)#.#.#.T##.# #####[###.
..#.##.##..#.#.#..#..# #####.###.
##..##.###.#.#.#.##.##...........
##.###.# #.#.#)#.#.....#####.....
#..###.####.)#..##.#########..##.
#.###...###..#..#..# #........
..##.....###.#.##.## #.###.###
.##.).#...##.#.#..# #.# #.###


You could see a troll.

Vanquished Creatures
  A manticore (D:7)
  A steam dragon (D:7)
  2 ice beasts
  An orc warrior (D:7)
  An ogre (D:4)
  A centaur (D:6)
  2 kobold brigands
  Blork the orc (D:5)
  A bullfrog (D:7)
  4 scorpions
  A howler monkey (D:3)
  2 bombardier beetles
  4 hounds
  3 orc priests
  A gnoll bouda (D:6)
  2 jellies
  2 sleepcaps
  An iguana (D:3)
  Ijyb (D:5)
  Terence (D:2)
  An orc wizard (D:7)
  Robin (D:2)
  15 gnolls
  4 adders
  A shadow imp (D:6)
  A white imp (D:6)
  5 ufetubi
  5 dart slugs
  A ribbon worm (D:3)
  18 orcs
  3 bats
  6 endoplasms
  A giant cockroach (D:1)
  10 hobgoblins
  3 kobolds
  A quokka (D:1)
  4 ball pythons
  3 frilled lizards
  17 goblins
  7 rats
140 creatures vanquished.

Notes
Turn   | Place    | Note
-------+----------+-------------------------------------------
     0 | D:1      | Nvm9 the Demonspawn Fighter began the quest for the Orb.
     0 | D:1      | Reached XP level 1. HP: 18/18 MP: 1/1
   434 | D:1      | Gained mutation: You sometimes gain a little power by
                  | taking damage. [demonic ancestry]
   434 | D:1      | Reached XP level 2. HP: 24/24 MP: 2/2
  1039 | D:2      | Gained mutation: Your touch may inflict minor irresistible
                  | damage on your foes. [demonic ancestry]
  1039 | D:2      | Reached XP level 3. HP: 29/29 MP: 3/3
  1049 | D:2      | Noticed Robin
  1067 | D:2      | Killed Robin
  1179 | D:2      | Noticed Terence
  1182 | D:2      | Killed Terence
  1183 | D:2      | Gained mutation: You sometimes gain power by taking damage.
                  | [demonic ancestry]
  1183 | D:2      | Reached XP level 4. HP: 32/36 MP: 4/4
  1461 | D:3      | Gained mutation: You are faintly shadowed, very rarely
                  | releasing foul flame when damaged in melee. [demonic
                  | ancestry]
  1461 | D:3      | Reached XP level 5. HP: 42/42 MP: 5/5
  1754 | D:3      | Found a stormy altar of Qazlal.
  1875 | D:3      | Found Yxtom's Magic Scroll Emporium.
  2011 | D:3      | Got the Atlas of Friendly Gusts
  2319 | D:3      | Reached XP level 6. HP: 48/48 MP: 6/6
  2623 | D:3      | Bought a scroll of brand weapon for 133 gold pieces
  2968 | D:4      | Reached XP level 7. HP: 55/55 MP: 7/7
  3440 | D:4      | Reached skill level 5 in Fighting
  3750 | D:5      | Entered Level 5 of the Dungeon
  3854 | D:5      | Found a staircase to the Ecumenical Temple.
  3856 | D:5      | Found an opulent altar of Gozag.
  3886 | D:5      | Noticed Ijyb
  3893 | D:5      | Killed Ijyb
  3914 | Temple   | Entered the Ecumenical Temple
  4020 | D:5      | Found an ancient bone altar of Kikubaaqudgha.
  4057 | D:5      | Noticed Blork the orc
  4064 | D:5      | Killed Blork the orc
  4085 | D:5      | Found Rebbafut's General Store.
  4115 | D:5      | Found Aroxzoycust's Book Boutique.
  4256 | D:5      | Found Ysurchasi's Distillery.
  4263 | D:5      | Reached skill level 5 in Armour
  4298 | D:5      | Reached skill level 5 in Shields
  4298 | D:5      | Reached XP level 8. HP: 63/63 MP: 8/8
  4451 | D:5      | Found Wuninueq's General Store.
  4789 | D:6      | Gained mutation: Your spells are a little easier to cast,
                  | but a little less powerful. [potion of mutation]
  4789 | D:6      | Gained mutation: You are somewhat resistant to further
                  | mutation. [potion of mutation]
  5222 | D:6      | Found a sparkling altar of Nemelex Xobeh.
  5747 | D:7      | Reached skill level 5 in Axes
  5960 | D:7      | Found a blossoming altar of Fedhas.
  6519 | D:7      | Gained mutation: Your touch may inflict irresistible damage
                  | on your foes. [demonic ancestry]
  6519 | D:7      | Reached XP level 9. HP: 69/71 MP: 9/9
  6548 | D:7      | Noticed a manticore
  6566 | D:7      | Killed a manticore
  6600 | D:7      | Noticed a troll
  6606 | D:7      | HP: 1/71 [troll (13)]
  6606 | D:7      | Mangled by a troll

Illustrated notes

Levels and vault maps discovered:
D:1:      sevenhm_arrival_forest_fort_large_2, layout_basic, serial_forest,
          infiniplex_forest_lined_corner, infiniplex_forest_lined_3,
          infiniplex_forest_clump_tiny, infiniplex_forest_zigzag_1,
          infiniplex_forest_end_2, minmay_indecisive_spiral
D:2:      layout_rooms, uniq_terence, uniq_robin
D:3:      layout_basic, mainiacjoe_overflow_cross_hatched, serial_shops, shop
D:4:      layout_basic
D:5:      layout_basic, grunt_gozag_breadcrumbs, old_standard_altar,
          temple_statues, serial_shops, nicolae_lakefront_shop, shop, shop,
          shop, nicolae_shop_tiny_real_fake_doors, kennysheep_small_spiral,
          uniq_ijyb, uniq_blork_the_orc
D:6:      layout_basic, nemelex_xobeh_ov_fountains_minmay
D:7:      minmay_the_grid_triangle_9x9_rhombus_thin
          [minmay_the_grid_triangle_9x9_checkered,
          minmay_the_grid_triangle_9x9_prize_special,
          minmay_the_grid_triangle_9x9_sprig,
          minmay_the_grid_triangle_9x9_wacky_v], layout_loops_cross,
          fedhas_altar_4
Temple:   hc_temple_tempest_star

Skill      XL: |  1  2  3  4  5  6  7  8 |
---------------+-------------------------+-----
Axes           | 2 3 4 5 |  5.8
Armour         | 3 4 5 6 |  6.3
Shields        | 3 4 5 6 |  6.2
Fighting       | 4 5 6 |  6.9

Action                     |  1- 3 |  4- 6 |  7- 9 || total
---------------------------+-------+-------+-------++-------
  Melee: War axe           |    92 |    84 |   230 ||   406
         Touch             |     3 |    10 |    12 ||    25
    Use: Potion            |       |     1 |     6 ||     7
         Scroll            |       |     6 |     1 ||     7
 Armour: Scale mail        |    25 |       |       ||    25
         Chain mail        |    33 |    76 |   260 ||   369
         Plate armour      |       |       |    71 ||    71
  Dodge: Dodged            |    36 |    35 |   138 ||   209
  Block: Buckler           |    13 |       |    53 ||    66

Table legend: (Time is in decaauts)
 A = Elapsed time spent in this place.
 B = Non-inter-level travel time spent in this place.
 C = Inter-level travel time spent in this place.
 D = Time resting spent in this place.
 E = Time spent auto-exploring this place.
 F = Levels seen in this place.
 G = Mean time per level.
                   A        B        C        D        E       F      G
               +--------+--------+--------+--------+--------+-----+--------+
         Total |   6748 |   6389 |    359 |    721 |   4473 |   8 |  843.5 |
       Dungeon |   6739 |   6382 |    357 |    721 |   4473 |   7 |  962.7 |
        Temple |      9 |      7 |      2 |      0 |      0 |   1 |    9.0 |
               +--------+--------+--------+--------+--------+-----+--------+

Top non-repeatable levels by time:
     D:6: 1254 daAuts
     D:3: 1185 daAuts
     D:4: 1086 daAuts
     D:1: 1007 daAuts
     D:7: 935 daAuts
     D:5: 720 daAuts
     D:2: 549 daAuts
  Temple: 9 daAuts
